 Dungeon Crawl Stone Soup version 0.32-a0-699-g1ee5eff69a (webtiles) character file.

Game seed: 7436342324644350414

8635 BubbleThief the Covert (level 11, -1/69 HPs)
             Began as a Kobold Brigand on Mar 13, 2024.
             Was an Elder of Wu Jian.
             Killed from afar by a deep elf pyromancer (24 damage)
             ... with a bolt of fire
             ... on level 10 of the Dungeon.
             The game lasted 00:15:39 (10413 turns).

BubbleThief the Covert (Kobold Brigand)            Turns: 10413, Time: 00:15:40

Health: -1/69      AC:  0    Str:  8    XL:     11   Next: 59%
Magic:  11/11      EV: 21    Int: 12    God:    Wu Jian [****..]
Gold:   750        SH:  0    Dex: 22    Spells: 10/10 levels left

rFire   . . .        U - melded +3 short sword (venom)
rCold   . . .        (shield currently unavailable)
rNeg    . . .        X - melded +4 ring mail of Hepliaklqana's Delight {Int+2 SInv}
rPois   .            x - melded +0 helmet
rElec   .            c - melded +0 cloak
rCorr   .            E - melded +1 pair of gloves
SInv    .            L - melded +0 pair of boots
Will    .....        C - amulet of the acrobat
Stlth   +++++++      p - melded +4 ring of protection
HPRegen 0.31/turn    (ring currently unavailable)
MPRegen 0.12/turn

%: acrobat
@: pig-form, very quick
A: fast, no casting, small, no large weapons, nightstalker 3
a: Renounce Religion, Wall Jump, Serpent's Lash


You were on level 10 of the Dungeon.
You worshipped Wu Jian.
Wu Jian was greatly pleased with you.
You were a filthy swine.
You visited 1 branch of the dungeon, and saw 10 of its levels.
You also visited: Bailey.

You collected 750 gold pieces.

Inventory:

Hand Weapons
 a - a +2 dagger
 m - a +1 short sword of flaming
 u - a +0 short sword of electrocution
 A - a +0 rapier
 T - a +3 short sword of distortion
 U - a +3 short sword of venom (melded)
Missiles
 d - 47 poisoned darts (quivered)
 e - 4 curare-tipped darts
 R - a throwing net
Armour
 c - a +0 cloak (melded)
 x - a +0 helmet (melded)
 E - a +1 pair of gloves (melded)
 L - a +0 pair of boots (melded)
 X - the +4 ring mail of Hepliaklqana's Delight (melded) {Int+2 SInv}
   (You found it on level 9 of the Dungeon)

   Int+2:     It affects your intelligence (+2).
   SInv:      It lets you see invisible.
Jewellery
 k - an amulet of reflection
 p - a +4 ring of protection (melded)
 C - an amulet of the acrobat (around neck)
 J - a ring of ice
Wands
 y - a wand of mindburst (4)
 G - a wand of digging (1)
 P - a wand of flame (24)
 S - a wand of polymorph (8)
Scrolls
 h - 3 scrolls of enchant weapon
 j - 7 scrolls of identify
 l - a scroll of brand weapon {unknown}
 o - 2 scrolls of poison
 q - 2 scrolls of teleportation
 s - a scroll of torment
 v - 2 scrolls of silence {unknown}
 B - 2 scrolls of fear {unknown}
 H - 2 scrolls of blinking
 I - a scroll of summoning {unknown}
 K - 2 scrolls of vulnerability {unknown}
 M - 2 scrolls of noise {unknown}
 N - 5 scrolls of enchant armour
 O - a scroll of amnesia
 W - a scroll of immolation {unknown}
Potions
 f - a potion of attraction {unknown}
 g - 3 potions of berserk rage {unknown}
 i - 2 potions of lignification {unknown}
 n - 6 potions of curing {unknown}
 r - a potion of might {unknown}
 t - a potion of ambrosia {unknown}
 w - 3 potions of heal wounds {unknown}
 z - a potion of resistance {unknown}
 D - a potion of haste {unknown}
 F - 3 potions of enlightenment {unknown}
 Q - a potion of mutation {unknown}
 V - a potion of degeneration {unknown}


   Skills:
 + Level 8.4 Fighting
 + Level 11.3 Short Blades
 - Level 2.1 Throwing
 + Level 8.8 Dodging
 + Level 12.9 Stealth
 + Level 8.7 Evocations


You had 10 spell levels left.
You didn't know any spells.
Your spell library contained the following spells:

 Spells                   Type           Power      Damage    Failure   Level
 Apportation              Tloc           0%         N/A       32%         1
 Necrotise                Necr           0%         1d4       32%         1
 Sting                    Conj/Alch      0%         1d3       32%         1
 Summon Small Mammal      Summ           0%         N/A       32%         1
 Jinxbite                 Hex            0%         N/A       45%         2
 Sublimation of Blood     Necr           0%         N/A       45%         2
 Petrify                  Alch/Erth      0%         N/A       97%         4
 Alistair's Intoxication  Alch           0%         N/A       100%        5
 Irradiate                Conj/Alch      0%         3d11      100%        5


Dungeon Overview and Level Annotations

Branches:
Dungeon (10/15)            Temple (0/1) D:6          Bailey (visited)
   Lair: D:8-11         Orc: D:9-12

Altars:
Elyvilon
Gozag
Hepliaklqana
Okawaru
Qazlal
Ru
Trog
Wu Jian
Xom
The Shining One

Annotations:
D:4 2 transporters
D:6 3 runed translucent doors


Innate Abilities, Weirdness & Mutations

You are a filthy swine.
You move quickly.
Your equipment is almost entirely melded.
You are incapable of wielding weapons or throwing items.
You cannot cast spells.
You are small and have problems with some larger weapons.
You are completely attuned to the shadows.


Message History

The wyvern's mind is blasted!!!
You blow up the wyvern!
The Council accepts your kill.
You feel sick.
Unknown command.
Aiming: Mindburst
Press: ? - help, Shift-Dir - straight line, f - boulder beetle
Aim: a boulder beetle (chance to affect: 76%)
The boulder beetle barely resists.
You feel sick.
You are no longer poisoned.
The boulder beetle barely misses you.
Unknown command.
Unknown command.
Aiming: Mindburst
Press: ? - help, Shift-Dir - straight line, f/p - boulder beetle
Aim: a boulder beetle (chance to affect: 76%)
The boulder beetle's mind is blasted!!!
The boulder beetle barely misses you.
Unknown command.
Unknown command.
Aiming: Mindburst
Press: ? - help, Shift-Dir - straight line, f/p - boulder beetle
Aim: a boulder beetle (heavily wounded, chance to affect: 76%)
The boulder beetle's mind is blasted!
The boulder beetle bites you!
Unknown command.
Unknown command.
Aiming: Mindburst
Press: ? - help, Shift-Dir - straight line, f/p - boulder beetle
Aim: a boulder beetle (severely wounded, chance to affect: 76%)
The boulder beetle's mind is blasted!!
The boulder beetle bites you!
Unknown command.
Unknown command.
Aiming: Mindburst
Press: ? - help, Shift-Dir - straight line, f/p - boulder beetle
Aim: a boulder beetle (almost dead, chance to affect: 76%)
The boulder beetle's mind is blasted!
You blow up the boulder beetle!
The Council accepts your kill.
The deep elf pyromancer casts a spell at you.
The bolt of fire hits you!!
You die...

#...# #...#
######.####...#
.......#......#
.......#......#
.......#..#...###
#.............#
...#..##......##h#
...#..###....###.#
...#...###..###..#
...#....######...#
...##....# #...e#
....#....# #...°#
....#...######..°#
####...###..###.°##
......###....###°.#


You could see a deep elf pyromancer.

Vanquished Creatures
  A two-headed ogre (D:9)
  A boulder beetle (D:10)
  A hornet (D:9)
  A wyvern (D:10)
  12 yaks
  A steam dragon (D:7)
  A basilisk (D:10)
  Menkaure (D:5)
  A water moccasin (D:8)
  An ice beast (D:6)
  16 orc warriors
  3 sky beasts
  2 black bears (D:5)
  An ogre (D:7)
  9 centaurs (Bailey)
  2 phantoms
  3 kobold brigands
  2 bullfrogs
  6 scorpions
  5 wights (D:5)
  10 killer bees
  A howler monkey (D:9)
  2 bombardier beetles
  3 hounds
  2 jellies
  4 orc priests
  7 iguanas
  6 orc wizards
  8 adders
  10 gnolls
  A shadow imp (D:8)
  2 white imps
  2 ufetubi (D:6)
  2 ribbon worms
  48 orcs
  10 ball pythons
  7 bats
  7 endoplasms
  7 giant cockroaches
  34 goblins
  30 hobgoblins
  2 jackals
  4 quokkas
  2 frilled lizards
  29 kobolds
  5 rats
315 creatures vanquished.

Vanquished Creatures (others)
  A centaur (D:10)
  A gnoll bouda (D:10)
2 creatures vanquished.

Grand Total: 317 creatures vanquished

Notes
Turn   | Place    | Note
-------+----------+-------------------------------------------
     0 | D:1      | BubbleThief the Kobold Brigand began the quest for the Orb.
     0 | D:1      | Reached XP level 1. HP: 12/12 MP: 1/1
   353 | D:1      | Reached XP level 2. HP: 17/17 MP: 2/2
   700 | D:1      | Reached XP level 3. HP: 20/21 MP: 3/3
   783 | D:1      | Reached skill level 6 in Stealth
   871 | D:1      | Found a faded altar of an unknown god.
  1082 | D:2      | Reached XP level 4. HP: 26/26 MP: 4/4
  1922 | D:3      | Found a white marble altar of Elyvilon.
  2123 | D:3      | Reached skill level 7 in Stealth
  2123 | D:3      | Reached XP level 5. HP: 29/30 MP: 5/5
  2331 | D:3      | Reached skill level 5 in Short Blades
  2643 | D:3      | Reached XP level 6. HP: 35/35 MP: 6/6
  2923 | D:3      | Found an iron altar of Okawaru.
  3181 | D:4      | Noticed a small abomination
  3302 | D:4      | Reached skill level 8 in Stealth
  3302 | D:4      | Reached skill level 1 in Evocations
  3443 | D:4      | Found a transporter.
  3445 | D:4      | Found a transporter.
  3572 | D:4      | Found a stormy altar of Qazlal.
  3666 | D:4      | Reached XP level 7. HP: 40/40 MP: 7/7
  3934 | D:4      | Found a glowing golden altar of the Shining One.
  4106 | D:5      | Entered Level 5 of the Dungeon
  4106 | D:5      | Noticed Menkaure
  4115 | D:5      | Killed Menkaure
  4632 | D:5      | Found an ornate altar of the Wu Jian Council.
  4639 | D:5      | Became a worshipper of the Wu Jian Council
  4715 | D:5      | Reached XP level 8. HP: 46/46 MP: 8/8
  4787 | D:5      | Reached skill level 9 in Stealth
  5246 | D:5      | Reached XP level 9. HP: 46/52 MP: 9/9
  5716 | D:6      | Reached skill level 5 in Fighting
  5740 | D:6      | Reached skill level 5 in Dodging
  5852 | D:6      | Reached skill level 10 in Stealth
  5955 | D:6      | Reached * piety under Wu Jian
  5982 | D:6      | Reached skill level 5 in Evocations
  6066 | D:6      | Found a runed translucent gate.
  6066 | D:6      | Found a runed translucent gate.
  6067 | D:6      | Found a runed translucent gate.
  6087 | D:6      | Noticed a rust devil
  6088 | D:6      | Noticed a rust devil
  6122 | D:6      | Found a staircase to the Ecumenical Temple.
  6892 | D:7      | Found a sacrificial altar of Ru.
  7170 | D:8      | Found an opulent altar of Gozag.
  7258 | D:8      | Reached ** piety under Wu Jian
  7267 | D:8      | Found a flagged portal.
  7290 | Bailey   | Entered a bailey
  7410 | Bailey   | Reached XP level 10. HP: 60/60 MP: 10/10
  7617 | Bailey   | Reached skill level 11 in Stealth
  7714 | Bailey   | Found the +5 glaive of the Guard {elec, spectral}
  8050 | Bailey   | Reached *** piety under Wu Jian
  8064 | Bailey   | Reached skill level 10 in Short Blades
  8854 | D:8      | Found a bloodstained altar of Trog.
  8944 | D:8      | Reached skill level 12 in Stealth
  9135 | D:8      | Reached XP level 11. HP: 58/67 MP: 11/11
  9333 | D:8      | Found a hazy altar of Hepliaklqana.
  9568 | D:9      | Noticed a two-headed ogre
  9580 | D:9      | Killed a two-headed ogre
  9787 | D:9      | Reached **** piety under Wu Jian
  9788 | D:9      | Identified the +4 ring mail of Hepliaklqana's Delight
                  | {Int+2 SInv}
 10263 | D:10     | Entered Level 10 of the Dungeon
 10332 | D:10     | Noticed a deep elf pyromancer
 10377 | D:10     | Noticed a boulder beetle
 10378 | D:10     | Found a shimmering altar of Xom.
 10379 | D:10     | Noticed a two-headed ogre
 10413 | D:10     | Killed a boulder beetle
 10413 | D:10     | Killed from afar by a deep elf pyromancer

Illustrated notes

Levels and vault maps discovered:
D:1:      minmay_arrival_widening_spiral_narrow, layout_basic,
          ebering_ecumenical_altar_mist, dk_noncrumbling_2
D:2:      layout_basic, minmay_nonomino_d4
D:3:      minmay_goblin_kobold_castle, layout_rooms, elyvilon_altar_3,
          lemuel_doored_altar
D:4:      layout_loops_corners, tso_metal_star, kennysheep_mini_moat,
          gammafunk_ghost_abyssal_escape
D:5:      minmay_diamond_boxcup, layout_basic, nzn_wu_jian_contemplation,
          nrook_campfire, uniq_menkaure
D:6:      cheibrodos_iron_armory, layout_rooms,
          minmay_temple_entry_drinking_statues, serial_corexii_hall,
          corexii_hall_statues_u, corexii_hall_statues_l, corexii_hall_statues_s
D:7:      layout_rooms, mainiacjoe_overflow_cross_hatched
D:8:      layout_loops_ring, nicolae_gozag_cash_rules_everything_around_me,
          nicolae_hepliaklqana_hippocampus, trog_butcher_becter, enter_bailey_5,
          minmay_lindwurm_lava
D:9:      layout_roguey
D:10:     layout_grid_maze, xom_confusion_cloud, minivault_19, uniq_psyche

Skill      XL: |  1  2  3  4  5  6  7  8  9 10 11 |
---------------+----------------------------------+-----
Short Blades   | 3 4 5 6 7 9 10 11 | 11.3
Stealth        | 6 7 8 9 10 12 | 12.9
Evocations     | 1 2 4 6 7 8 |  8.7
Dodging        | 2 3 4 6 7 8 |  8.8
Fighting       | 3 4 6 7 8 |  8.4
Throwing       | |  2.1

Action                     |  1- 3 |  4- 6 |  7- 9 | 10-12 || total
---------------------------+-------+-------+-------+-------++-------
  Melee: Dagger            |    25 |       |       |       ||    25
         Short sword       |    27 |   216 |   351 |   400 ||   994
Ability: Lunge             |       |       |    29 |    34 ||    63
         Whirlwind         |       |       |     3 |     3 ||     6
  Evoke: Wand              |       |       |     4 |    13 ||    17
    Use: Scroll            |       |       |     7 |       ||     7
   Stab: Sleeping          |    23 |    33 |    26 |    27 ||   109
         Distracted        |       |       |     1 |     2 ||     3
 Armour: Robe              |    18 |    66 |    80 |    78 ||   242
         Ring mail         |       |       |       |    19 ||    19
         Skin              |       |       |       |     4 ||     4
  Dodge: Dodged            |    24 |    99 |   193 |   231 ||   547
  Block: Other             |     4 |    43 |       |       ||    47
         Reflection        |       |     8 |       |       ||     8

Table legend: (Time is in decaauts)
 A = Elapsed time spent in this place.
 B = Non-inter-level travel time spent in this place.
 C = Inter-level travel time spent in this place.
 D = Time resting spent in this place.
 E = Time spent auto-exploring this place.
 F = Levels seen in this place.
 G = Mean time per level.
                   A        B        C        D        E       F      G
               +--------+--------+--------+--------+--------+-----+--------+
         Total |  10084 |   9720 |    364 |     61 |   7639 |  11 |  916.7 |
       Dungeon |   8912 |   8548 |    364 |      0 |   6960 |  10 |  891.2 |
        Bailey |   1171 |   1171 |      0 |     61 |    679 |   1 | 1171.0 |
               +--------+--------+--------+--------+--------+-----+--------+

Top non-repeatable levels by time:
     D:5: 1515 daAuts
     D:3: 1329 daAuts
     D:8: 1187 daAuts
  Bailey: 1171 daAuts
     D:4: 994 daAuts
     D:1: 891 daAuts
     D:2: 842 daAuts
     D:6: 721 daAuts
     D:9: 695 daAuts
     D:7: 594 daAuts
    D:10: 139 daAuts
